 Dungeon Crawl Stone Soup version 0.29.1-12-g30fa7ad0bf (webtiles) character file.

Game seed: 1254997766433766501

2147 Radix the Firebug (level 9, -1/76 HPs)
             Began as a Gargoyle Cinder Acolyte on Dec 17, 2022.
             Was a Follower of Ignis.
             Slain by an orc warrior
             ... wielding a +0 war axe
              (3 damage)
             ... on level 6 of the Dungeon.
             The game lasted 00:40:14 (7222 turns).

Radix the Firebug (Gargoyle Cinder Acolyte)         Turns: 7222, Time: 00:40:22

Health: -1/76      AC: 24    Str: 18    XL:     9   Next: 31%
Magic:  2/18       EV:  2    Int: 19    God:    Ignis [*.....]
Gold:   39         SH:  0    Dex:  5    Spells: 19/21 levels left

rFire   + . .      SeeInvis +   C - +2 whip (elec)
rCold   . . .      Faith    .   (no shield)
rNeg    + . .      Spirit   .   (body armour currently unavailable)
rPois   ∞          Reflect  .   (helmet currently unavailable)
rElec   .          Harm     .   (cloak currently unavailable)
rCorr   .          Rampage  .   (gloves currently unavailable)
Will    .....      NoTele   +   (boots currently unavailable)
Stlth   +.........              (no amulet)
HPRegen 0.22/turn               y - ring of see invisible
MPRegen 0.16/turn               (no ring)

@: mighty, tree-form, attractive
A: stationary, stasis, torment immunity, boosted hp, sickness immunity, AC +6,
negative energy resistance 1, (electricity resistance), torment resistance 1,
petrification resistance
a: Renounce Religion, Fiery Armour, Foxfire Swarm, Rising Flame


You were on level 6 of the Dungeon.
You worshipped Ignis.
Ignis was aware of your devotion.
You were a tree.
You visited 1 branch of the dungeon, and saw 6 of its levels.

You collected 264 gold pieces.
You spent 225 gold pieces at shops.

Inventory:

Hand Weapons
 a - a -1 mace of flaming
 h - a +1 dagger of draining
 t - a +1 whip of freezing
 C - a +2 whip of electrocution (weapon)
 H - a +0 rapier of flaming
 L - a +0 morningstar
Missiles
 f - 33 poisoned darts (quivered)
Armour
 z - a +0 pair of gloves (melded)
 I - a +3 leather armour of poison resistance (melded)
 N - a +0 pair of boots (melded)
Magical Staves
 m - a staff of earth
Jewellery
 y - a ring of see invisible (left branch)
Wands
 b - a wand of flame (15)
 B - a wand of paralysis (10)
 O - a wand of polymorph (5)
Scrolls
 c - 2 scrolls of amnesia {unknown}
 d - a scroll of blinking {unknown}
 e - 2 scrolls of fog {unknown}
 j - 4 scrolls of identify {unknown}
 k - a scroll of noise {unknown}
 n - a scroll of silence {unknown}
 p - a scroll of magic mapping {unknown}
 q - a scroll of enchant armour {unknown}
 r - 2 scrolls of teleportation {unknown}
 s - 2 scrolls of acquirement {unknown}
 u - a scroll of summoning {unknown}
 w - a scroll of fear {unknown}
 A - 2 scrolls of poison {unknown}
 G - a scroll of vulnerability {unknown}
 M - a scroll of torment {unknown}
Potions
 g - a potion of brilliance {unknown}
 i - a potion of haste {unknown}
 l - a potion of resistance {unknown}
 o - 2 potions of might
 v - 2 potions of attraction
 x - a potion of curing {unknown}
 D - a potion of berserk rage {unknown}
 E - a potion of degeneration {unknown}
 F - a potion of lignification
 J - a potion of heal wounds {unknown}
 K - a potion of magic {unknown}


   Skills:
 - Level 3.2 Fighting
 + Level 7.1 Maces & Flails
 + Level 6.5 Spellcasting
 + Level 7.7 Fire Magic


You had 19 spell levels left.
You knew the following spells:

 Your Spells              Type           Power      Damage    Failure   Level
a - Scorch                Fire           70%        2d8       1%          2

Your spell library contained the following spells:

 Spells                   Type           Power      Damage    Failure   Level
 Call Canine Familiar     Summ           6%         N/A       32%         3
 Portal Projectile        Hex/Tloc       12%        N/A       32%         3
 Corpse Rot               Necr/Pois/Air  6%         N/A       71%         4
 Fulminant Prism          Conj/Hex       3%         3d6       71%         4
 Iskenderun's Mystic Bla  Conj/Tloc      6%         2d4       71%         4
 Leda's Liquefaction      Hex/Erth       3%         N/A       71%         4
 Lee's Rapid Deconstruct  Erth           3%         3d6*      96%         5
 Manifold Assault         Tloc           6%         N/A       96%         5
 Malign Gateway           Summ/Tloc      3%         N/A       100%        7


Dungeon Overview and Level Annotations

Branches:
Dungeon (6/15)             Temple (0/1) D:4

Altars:
Xom
Zin

Shops:
D:6 ((=

Annotations:
D:4 3 runed translucent doors, sanboga's ghost, amateur OgBe
D:5 1 runed translucent door, qwert's ghost, novice SpEn


Innate Abilities, Weirdness & Mutations

You are a tree.
Your roots penetrate the ground, keeping you stationary.
You cannot be teleported.
You are immune to unholy pain and torment.
Your maximum health is greatly increased.
Your equipment is partially melded.
You are immune to sickness and miasma.
((Your stone body is resilient. (AC +6)))
You are immune to poison.
You resist negative energy. (rN+)
((You are resistant to electric shocks. (rElec)))
You are resistant to unholy torment.
You are immune to petrification.


Message History

The orc warrior's fire resistance burns away.
The orc hits you but does no damage.
The orc warrior hits you with a +0 war axe.
Casting: Scorch (safe; 1% risk of failure)
Confirm with . or Enter, or press ? or * to list all spells.
Flames lash the orc.
The orc is burned terribly!
You kill the orc!
The orc warrior hits you with a +0 war axe.
Casting: Scorch (safe; 1% risk of failure)
Confirm with . or Enter, or press ? or * to list all spells.
Flames lash the orc warrior.
The orc warrior is burned terribly!
The orc warrior is moderately wounded.
The orc warrior hits you with a +0 war axe!
Unknown command.
You hit the orc warrior but do no damage.
The orc warrior is moderately wounded.
The orc warrior hits you but does no damage.
You closely miss the orc warrior.
The orc warrior is moderately wounded.
You barely miss the orc warrior.
The orc warrior is moderately wounded.
The orc warrior hits you with a +0 war axe!
* * * LOW HITPOINT WARNING * * *
It was a potion of might.
You feel very mighty all of a sudden.
The orc warrior hits you with a +0 war axe.
* * * LOW HITPOINT WARNING * * *
Okay, then.
It was a potion of attraction.
You feel attractive to monsters.
The orc warrior hits you but does no damage.
Okay, then.
It was a potion of lignification.
You turn into a tree.
Your +0 pair of gloves melds into your body.
Your +0 pair of boots melds into your body.
Your +3 leather armour of poison resistance melds into your body.
Your roots penetrate the ground.
The orc warrior is no longer more vulnerable to fire.
The orc warrior hits you with a +0 war axe.
You die...

#........# #.#
#........#
#.#............
#####.#............
.....#............ #
##...##...........
#.##..)..#...........
#.......†o.).........
#...∩..♣)..........
#............†.....
##.....#...........
##...#####.###.##.
##### #.# # #.# #.#
###.## #....#


You could see an orc warrior (invisible).

Vanquished Creatures
  Pikel (D:4)
  Prince Ribbit (D:5)
  Eustachio (D:5)
  A sky beast (D:6)
  2 ice beasts (D:5)
  4 lemures (D:4)
  A phantom (D:4)
  A kobold brigand (D:6)
  2 scorpions
  2 howler monkeys
  A jelly (D:4)
  A hound (D:4)
  2 orc priests (D:5)
  8 iguanas
  Ijyb (D:5)
  3 orc wizards
  18 adders
  2 worms (D:4)
  4 dart slugs
  15 orcs
  14 endoplasms
  3 giant cockroaches
  11 goblins
  3 hobgoblins
  4 jackals (D:1)
  5 quokkas
  17 ball pythons
  A bat (D:1)
  7 frilled lizards
  13 kobolds
  8 rats
157 creatures vanquished.

Vanquished Creatures (others)
  39 foxfires
  4 plants (D:4)
  2 withered plants (D:5)
45 creatures vanquished.

Grand Total: 202 creatures vanquished

Notes
Turn   | Place    | Note
-------+----------+-------------------------------------------
     0 | D:1      | Radix the Gargoyle Cinder Acolyte began the quest for the
                  | Orb.
     0 | D:1      | Reached XP level 1. HP: 14/14 MP: 2/2
   185 | D:1      | Reached XP level 2. HP: 15/19 MP: 2/4
   700 | D:1      | Reached XP level 3. HP: 22/23 MP: 5/5
   703 | D:1      | Learned a level 2 spell: Scorch
  1485 | D:2      | Found a glowing silver altar of Zin.
  1586 | D:2      | Found a faded altar of an unknown god.
  1895 | D:2      | Reached XP level 4. HP: 27/28 MP: 0/7
  2672 | D:3      | Reached XP level 5. HP: 32/32 MP: 4/9
  3583 | D:3      | Identified the +4 dagger of Tenacity {venom, rN+ Str+2
                  | Int+8 Dex-2}
  3921 | D:4      | Found a staircase to the Ecumenical Temple.
  3943 | D:4      | Noticed a lemure
  3943 | D:4      | Noticed a lemure
  3943 | D:4      | Noticed a lemure
  3977 | D:4      | Killed a lemure
  3987 | D:4      | Killed a lemure
  4048 | D:4      | Noticed Pikel
  4051 | D:4      | Noticed a lemure
  4061 | D:4      | Paralysed by Pikel for 3 turns
  4074 | D:4      | Killed a lemure
  4079 | D:4      | Killed a lemure
  4080 | D:4      | Killed Pikel
  4081 | D:4      | Reached skill level 5 in Maces & Flails
  4081 | D:4      | Reached skill level 5 in Fire Magic
  4081 | D:4      | Reached XP level 6. HP: 11/37 MP: 1/12
  4081 | D:4      | Reached XP level 7. HP: 12/41 MP: 1/13
  4570 | D:4      | Found a glowing silver altar of Zin.
  4578 | D:4      | Found a runed translucent gate.
  4578 | D:4      | Found a runed translucent gate.
  4578 | D:4      | Found a runed translucent gate.
  4578 | D:4      | Noticed sanboga's ghost (amateur OgBe)
  5315 | D:4      | Reached XP level 8. HP: 46/46 MP: 8/15
  5329 | D:4      | Reached skill level 5 in Spellcasting
  5743 | D:5      | Entered Level 5 of the Dungeon
  5763 | D:5      | Got the Exposition on Unhallowed Arts and Displacement
  5928 | D:5      | Found a runed translucent door.
  5929 | D:5      | Noticed qwert's ghost (novice SpEn)
  5932 | D:5      | Noticed Prince Ribbit
  5937 | D:5      | Killed Prince Ribbit
  6079 | D:5      | Found a shimmering altar of Xom.
  6079 | D:5      | Found a shimmering altar of Xom.
  6079 | D:5      | Found a shimmering altar of Xom.
  6080 | D:5      | Found a shimmering altar of Xom.
  6091 | D:5      | Noticed Eustachio
  6097 | D:5      | Killed Eustachio
  6351 | D:5      | Reached XP level 9. HP: 44/51 MP: 3/18
  6731 | D:5      | Noticed Ijyb
  6735 | D:5      | Killed Ijyb
  6941 | D:6      | Found Tunn's Jewellery Emporium.
  6949 | D:6      | Bought a ring of see invisible for 225 gold pieces
  6965 | D:6      | Found Joetty's Weapon Emporium.
  7040 | D:6      | Found Goeli's Antique Armour Emporium.
  7153 | D:6      | Found Geiryt's Weapon Emporium.
  7220 | D:6      | HP: 1/51 [orc warrior/+0 war axe (6)]
  7222 | D:6      | Slain by an orc warrior

Illustrated notes

Levels and vault maps discovered:
D:1:      psy_arrival_whirlpool, layout_loops_ring
D:2:      layout_basic, basic_altar,
          dreamdust_ecumenical_altar_angels_and_demons, minmay_surrounded
D:3:      minmay_chambers_of_threes, layout_basic, minmay_box_of_dots
D:4:      layout_loops_corners, zin_statuary,
          minmay_temple_entry_gardened_gates, gammafunk_ghost_split,
          grunt_ministairs_6, uniq_pikel
D:5:      layout_rooms, xom_redecorated, gammafunk_ghost_grave,
          kennysheep_generic_room_7, uniq_prince_ribbit1, uniq_ijyb,
          uniq_eustachio
D:6:      layout_basic, serial_shops, shop, nicolae_shop_bloodbath_and_beyond,
          nicolae_shop_overgrown_old_shop, shop, nicolae_shop_statue_plus,
          nicolae_ossuary_entry_ruins

Skill      XL: |  1  2  3  4  5  6  7  8  9 |
---------------+----------------------------+-----
Spellcasting   | 2 4 6 |  6.5
Fire Magic     | 4 5 6 7 |  7.7
Maces & Flails | 5 6 7 |  7.1
Fighting       | |  3.2

Action                   |  1- 3 |  4- 6 |  7- 9 || total
-------------------------+-------+-------+-------++-------
Melee: Mace              |    21 |       |       ||    21
       Dagger            |   107 |    15 |       ||   122
       Whip              |       |   119 |   118 ||   237
       Punch             |       |       |     1 ||     1
Throw: Dart              |       |     1 |       ||     1
 Cast: Scorch            |     4 |    18 |    74 ||    96
Invok: Foxfire Swarm     |       |     4 |       ||     4
       Fiery Armour      |       |     1 |     5 ||     6
  Use: Potion            |       |       |     3 ||     3
Armor: Robe              |    49 |    29 |       ||    78
       Leather armour    |       |    31 |    65 ||    96
Dodge: Dodged            |    80 |    66 |    45 ||   191
